 Dungeon Crawl Stone Soup version 0.30-a0-613-gdd512c7efb (webtiles) character file.

Game seed: 1000124119269252352

8150 wormed the Destroyer (level 11, -3/78 HPs)
             Began as a Demonspawn Earth Elementalist on Jan 9, 2023.
             Was an Elder of Vehumet.
             Slain by a seven-headed hydra (8 damage)
             ... on level 9 of the Dungeon.
             The game lasted 00:15:54 (10658 turns).

wormed the Destroyer (DsEE)                        Turns: 10658, Time: 00:15:55

Health: -3/78      AC: 16    Str:  8    XL:     11   Next: 6%
Magic:  1/24       EV: 14    Int: 26    God:    Vehumet [****..]
Gold:   715        SH:  0    Dex: 15    Spells: 26/29 levels left

rFire   + . .      SeeInvis .    c - +3 dagger (flame)
rCold   . . .      Faith    .    (no shield)
rNeg    . . .      Spirit   .    a - +0 robe
rPois   .          Reflect  .    (no helmet)
rElec   .          Harm     .    (no cloak)
rCorr   .          Rampage  .    k - +1 pair of gloves
Will    .....                    (no boots)
Stlth   ++                       (no amulet)
HPRegen 0.33/turn                w - ring of protection from fire
MPRegen 0.19/turn                z - +6 ring of intelligence

@: sanguine armoured, hasted, very quick
A: claws 2, sanguine armour 3, demonic magic 2
a: Renounce Religion


You were on level 9 of the Dungeon.
You worshipped Vehumet.
Vehumet was greatly pleased with you.
You visited 1 branch of the dungeon, and saw 9 of its levels.

You collected 715 gold pieces.

Inventory:

Hand Weapons
 c - a +3 dagger of flaming (weapon)
Missiles
 x - a throwing net
Armour
 a - a +0 robe (worn)
 k - a +1 pair of gloves (worn)
Jewellery
 d - a ring of wizardry
 h - a ring of see invisible
 o - a ring of resist corrosion
 w - a ring of protection from fire (left hand)
 y - a +4 ring of protection
 z - a +6 ring of intelligence (right hand)
 C - a ring of flight
 G - a ring of positive energy
 H - a +5 ring of evasion
Wands
 m - a wand of roots (8)
 s - a wand of flame (9)
 t - a wand of light (12)
 D - a wand of digging (8)
Scrolls
 j - 3 scrolls of enchant weapon
 q - 5 scrolls of teleportation
 r - 4 scrolls of poison
 E - a scroll of amnesia
 F - a scroll of fog
 I - 2 scrolls of brand weapon {unknown}
Potions
 b - 3 potions of magic
 e - 3 potions of attraction
 f - 3 potions of heal wounds
 g - a potion of brilliance
 i - 2 potions of ambrosia
 n - 2 potions of resistance {unknown}
 p - a potion of might {unknown}
 u - a potion of lignification {unknown}
 v - 3 potions of curing {unknown}
 A - 4 potions of flight {unknown}
 B - a potion of berserk rage {unknown}
 J - a potion of degeneration {unknown}


   Skills:
 + Level 4.8 Fighting
 + Level 4.9 Dodging
 - Level 1.7 Stealth
 + Level 9.9 Spellcasting
 - Level 10.0 Conjurations
 - Level 0.8 Transmutations
 - Level 10.0 Earth Magic


You had 26 spell levels left.
You knew the following spells:

 Your Spells              Type           Power      Damage    Failure   Level
a - Stone Arrow           Conj/Erth      100%       3d13      1%          3

Your spell library contained the following spells:

 Spells                   Type           Power      Damage    Failure   Level
 Arcjolt                  Conj/Air       19%        1d29      4%          5
 Sandblast                Erth           100%       2d20      1%          1
 Momentum Strike          Conj/Tloc      76%        3d10      1%          2
 Passwall                 Tmut/Erth      34%        N/A       1%          2
 Ignite Poison            Fire/Tmut/Pois 14%        N/A       3%          3
 Necrotise                Necr           48%        1d6       4%          1
 Kindle Blastsparks       Fire/Tloc/Air  24%        2d12      4%          3
 Petrify                  Tmut/Erth      41%        N/A       4%          4
 Blink                    Tloc           24%        N/A       7%          2
 Freezing Cloud           Conj/Ice/Air   15%        6-21      9%          5
 Lesser Beckoning         Tloc           24%        N/A       14%         3
 Vampiric Draining        Necr           12%        2d6       14%         3
 Agony                    Necr           12%        N/A       78%         5


Dungeon Overview and Level Annotations

Branches:
Dungeon (9/15)             Temple (0/1) D:7             Orc (0/2) D:9
   Lair: D:8-11

Altars:
Ashenzari
Cheibriados
Gozag
Makhleb
Nemelex Xobeh
Sif Muna
Vehumet
Xom
Yredelemnul

Shops:
D:2 (   D:5 (   D:7 !


Innate Abilities, Weirdness & Mutations

You have very sharp fingernails.
When seriously injured, your blood forms very thick armour. (AC +12)
Spells you cast may paralyse nearby enemies.


Message History

Aim: a hornet (severely wounded, paralysed, 100% to hit)
The stone arrow hits the hornet!
The hornet is almost dead.
Malevolent energies surge around you.
Casting: Stone Arrow (safe; 1% risk of failure)
Confirm with . or Enter, or press ? or * to list all spells.
Aiming: Stone Arrow (safe; 1% risk of failure)
Press: ? - help, Shift-Dir - straight line, f/p - hornet
Aim: a hornet (almost dead, paralysed, 100% to hit)
The stone arrow hits the hornet!
You kill the hornet!
Vehumet accepts your kill. Malevolent energies surge around you.
The seven-headed hydra bites you! x2
The seven-headed hydra bites you.
Your blood congeals into armour.
The seven-headed hydra closely misses you.
The seven-headed hydra bites you!
The seven-headed hydra bites you but does no damage.
The seven-headed hydra closely misses you.
Casting: Stone Arrow (safe; 1% risk of failure)
Confirm with . or Enter, or press ? or * to list all spells.
Aiming: Stone Arrow (safe; 1% risk of failure)
Press: ? - help, Shift-Dir - straight line, f - seven-headed hydra
Aim: a seven-headed hydra (92% to hit)
The stone arrow hits the seven-headed hydra!!
The seven-headed hydra is heavily wounded.
Malevolent energies surge around you. The seven-headed hydra bites you!
The seven-headed hydra bites you but does no damage.
The seven-headed hydra misses you.
The seven-headed hydra bites you but does no damage.
The seven-headed hydra bites you!
* * * LOW HITPOINT WARNING * * *
The seven-headed hydra bites you but does no damage. x2
You feel yourself speed up. The seven-headed hydra bites you.
* * * LOW HITPOINT WARNING * * *
The seven-headed hydra barely misses you.
The seven-headed hydra bites you but does no damage.
The seven-headed hydra misses you. The seven-headed hydra bites you!
* * * LOW HITPOINT WARNING * * *
The seven-headed hydra bites you!
You die...

.....##..#.#..## ##....#
......##..#..## .. ##.....#
.......###.### ##.# #.......
......##.#.#.## #..# ##......
.....##.#)#)#.## #..# ##.....
....##.#.#.#.#.###.)# ##....
....#.#.#.#.#.#.#..# #....
....##.#.#.#.#.##D# #....
....#)#.#.#.#.#.@# #....
....##.#.#.#.#)##†# #....
....#.#.#.#.#.#.#..# #....
....##.#.#.#.#.###..# ##....
.....##.#.#.#.##.##..# ##.....
......##.#.#.##...##..# ##......
.......#######.....#######.......
.................................
####...............).............


You could see a seven-headed hydra.

Vanquished Creatures
  2 two-headed ogres (D:9)
  A deep elf pyromancer (D:9)
  Psyche (D:9)
  A hornet (D:9)
  Prince Ribbit (D:6)
  2 shadows (D:9)
  A yak (D:9)
  4 wyverns
  Menkaure (D:6)
  4 water moccasins
  2 black bears
  2 orc warriors (D:7)
  2 ice beasts
  2 sky beasts
  5 centaurs
  A phantom (D:4)
  2 kobold brigands
  2 bullfrogs
  A scorpion (D:7)
  A gnoll sergeant (D:6)
  A necrophage (D:4)
  11 wights
  7 killer bees
  4 howler monkeys
  A crimson imp (D:3)
  3 jellies
  A gnoll bouda (D:6)
  An orc priest (D:6)
  2 hounds (D:4)
  4 iguanas
  10 orc wizards
  18 gnolls
  8 adders
  2 shadow imps (D:7)
  4 white imps
  2 worms (D:4)
  3 dart slugs
  44 orcs
  3 bats
  7 endoplasms
  3 giant cockroaches (D:2)
  11 goblins
  A hobgoblin (D:2)
  4 jackals (D:2)
  A quokka (D:1)
  7 ball pythons
  4 frilled lizards
  19 kobolds
  4 rats
228 creatures vanquished.

Vanquished Creatures (others)
  8 fungi (D:4)
  4 plants (D:6)
12 creatures vanquished.

Grand Total: 240 creatures vanquished

Notes
Turn   | Place    | Note
-------+----------+-------------------------------------------
     0 | D:1      | wormed the Demonspawn Earth Elementalist began the quest
                  | for the Orb.
     0 | D:1      | Reached XP level 1. HP: 13/13 MP: 3/3
   164 | D:2      | Found Vyrphamm's Weapon Shoppe.
   222 | D:1      | Gained mutation: Spells you cast may paralyse adjacent
                  | enemies. [demonic ancestry]
   222 | D:1      | Reached XP level 2. HP: 19/19 MP: 3/5
   337 | D:1      | Reached skill level 1 in Conjurations
   926 | D:2      | Gained mutation: When seriously injured, your blood forms
                  | armour. (AC +12) [demonic ancestry]
   926 | D:2      | Reached XP level 3. HP: 23/24 MP: 4/6
   930 | D:2      | Learned a level 3 spell: Stone Arrow
  1105 | D:2      | Found a faded altar of an unknown god.
  1885 | D:3      | Gained mutation: Spells you cast may paralyse nearby
                  | enemies. [demonic ancestry]
  1885 | D:3      | Reached XP level 4. HP: 24/30 MP: 5/8
  1961 | D:3      | Found a radiant altar of Vehumet.
  1961 | D:3      | Found a burning altar of Makhleb.
  2075 | D:3      | Became a worshipper of Vehumet
  2109 | D:3      | Gained mutation: When seriously injured, your blood forms
                  | thick armour. (AC +12) [demonic ancestry]
  2109 | D:3      | Reached XP level 5. HP: 20/35 MP: 3/9
  2472 | D:3      | Identified the +0 leather armour "Ekhikoix" {*Corrode MP+9
                  | Int+5}
  2696 | D:3      | Found a sparkling altar of Nemelex Xobeh.
  2696 | D:3      | Found a snail-covered altar of Cheibriados.
  2943 | D:3      | Found a faded altar of an unknown god.
  2972 | D:3      | Found a shimmering altar of Xom.
  3107 | D:3      | Reached XP level 6. HP: 41/41 MP: 11/16
  3108 | D:3      | Gained mutation: When seriously injured, your blood forms
                  | very thick armour. (AC +12) [demonic ancestry]
  3108 | D:3      | Reached XP level 7. HP: 46/46 MP: 12/19
  3517 | D:4      | Reached * piety under Vehumet
  3517 | D:4      | Offered knowledge of Kiss of Death by Vehumet.
  3642 | D:4      | Found a shimmering blue altar of Sif Muna.
  3642 | D:4      | Found a broken altar of Ashenzari.
  3744 | D:4      | Gained mutation: You have sharp fingernails. [demonic
                  | ancestry]
  3744 | D:4      | Reached XP level 8. HP: 44/53 MP: 2/20
  4244 | D:4      | Reached skill level 1 in Fighting
  4367 | D:5      | Entered Level 5 of the Dungeon
  4823 | D:5      | Offered knowledge of Searing Ray by Vehumet.
  4906 | D:5      | Found Avannel's Antique Weapon Emporium.
  5251 | D:5      | Reached ** piety under Vehumet
  5584 | D:6      | Noticed Menkaure
  5588 | D:6      | Killed Menkaure
  5933 | D:6      | Noticed Prince Ribbit
  5936 | D:6      | Killed Prince Ribbit
  5937 | D:6      | Reached XP level 9. HP: 61/61 MP: 14/22
  6465 | D:6      | Found a basalt altar of Yredelemnul.
  7052 | D:7      | Offered knowledge of Hailstorm by Vehumet.
  7335 | D:7      | Reached *** piety under Vehumet
  7576 | D:7      | Found Onwecs's Distillery.
  8188 | D:7      | Found a staircase to the Ecumenical Temple.
  8466 | D:8      | Reached XP level 10. HP: 69/69 MP: 20/23
  8491 | D:8      | Offered knowledge of Iskenderun's Mystic Blast by Vehumet.
  8727 | D:8      | Identified the +3 leather armour of Plasticity {*Slow Str+4
                  | Dex+3}
  8822 | D:8      | Reached skill level 10 in Conjurations
  8924 | D:8      | Found a flagged portal.
  9731 | D:9      | Reached **** piety under Vehumet
  9823 | D:9      | Found an opulent altar of Gozag.
  9935 | D:9      | Noticed a deep elf pyromancer
  9941 | D:9      | Killed a deep elf pyromancer
 10065 | D:9      | Noticed a two-headed ogre
 10071 | D:9      | Killed a two-headed ogre
 10277 | D:9      | Found a staircase to the Orcish Mines.
 10324 | D:9      | Noticed a two-headed ogre
 10328 | D:9      | Killed a two-headed ogre
 10416 | D:9      | Noticed a seven-headed hydra
 10437 | D:9      | Offered knowledge of Arcjolt by Vehumet.
 10536 | D:9      | Reached skill level 10 in Earth Magic
 10565 | D:9      | Noticed Psyche
 10567 | D:9      | Killed Psyche
 10568 | D:9      | Gained mutation: You have very sharp fingernails. [demonic
                  | ancestry]
 10568 | D:9      | Reached XP level 11. HP: 78/78 MP: 19/24
 10658 | D:9      | Slain by a seven-headed hydra

Illustrated notes

Levels and vault maps discovered:
D:1:      tarquinn_simple_flora_water_f, layout_rooms
D:2:      layout_loops_ring, serial_shops, shop, basic_ecumenical_altar,
          minmay_worlds_worst_comb
D:3:      layout_basic, grunt_temple_overflow_lords_of_destruction,
          nicolae_overflow_ecumenical_swirl,
          chequers_temple_overflow_statue_of_worship
D:4:      layout_basic, jmf_multi_god_temple, serial_aquarium,
          aquarium_bridge_straight [aquarium_subvault_bridge,
          aquarium_subvault_balcony, aquarium_subvault_bridge,
          aquarium_subvault_window], aquarium_window_1, aquarium_window_3,
          aquarium_view_2c, aquarium_pool_split
D:5:      layout_gridville, serial_shops, nicolae_square_shop,
          kennysheep_generic_room_16
D:6:      layout_basic, amcnicky_altar_gilded, minmay_misc_feat_room,
          minivault_26, nicolae_grassy_gnolls, uniq_menkaure,
          uniq_prince_ribbit1
D:7:      kb_forest_paths, layout_loops_cross,
          minmay_temple_entry_statues_pillars, serial_shops,
          nicolae_shop_window_shopping, minivault_26
D:8:      layout_loops_ring, enter_bailey_3
D:9:      minmay_the_grid_octo_2x2 [minmay_the_grid_octo_fat_diamond,
          minmay_the_grid_octo_checkered, minmay_the_grid_octo_thin_diamonds,
          minmay_the_grid_octo_prize_single_spiral], layout_irregular_city,
          dreamdust_divine_triumvirate, grunt_gozag_breadcrumbs, uniq_psyche

Skill      XL: |  1  2  3  4  5  6  7  8  9 10 |
---------------+-------------------------------+-----
Conjurations   | 1 2 7 9 10 | 10.0
Earth Magic    | 3 7 8 9 10 | 10.0
Spellcasting   | 3 7 8 9 |  9.9
Dodging        | 2 3 4 |  4.9
Fighting       | 2 4 |  4.8
Stealth        | |  1.7
Transmutations | |  0.8

Action                   |  1- 3 |  4- 6 |  7- 9 | 10-12 || total
-------------------------+-------+-------+-------+-------++-------
Melee: Unarmed           |     5 |       |       |       ||     5
       Dagger            |    17 |    18 |    48 |     1 ||    84
 Cast: Sandblast         |    62 |    31 |     4 |       ||    97
       Stone Arrow       |       |     5 |   145 |    87 ||   237
  Use: Scroll            |       |     9 |    11 |     1 ||    21
       Potion            |       |     2 |       |     2 ||     4
 Stab: Paralysed         |       |       |    11 |       ||    11
       Sleeping          |       |       |     2 |       ||     2
Armor: Robe              |     7 |     4 |    21 |    11 ||    43
Dodge: Dodged            |    25 |     9 |    26 |    17 ||    77

Table legend: (Time is in decaauts)
 A = Elapsed time spent in this place.
 B = Non-inter-level travel time spent in this place.
 C = Inter-level travel time spent in this place.
 D = Time resting spent in this place.
 E = Time spent auto-exploring this place.
 F = Levels seen in this place.
 G = Mean time per level.
                   A        B        C        D        E       F      G
               +--------+--------+--------+--------+--------+-----+--------+
         Total |  10706 |  10296 |    410 |     29 |   8967 |   9 | 1189.6 |
       Dungeon |  10706 |  10296 |    410 |     29 |   8967 |   9 | 1189.6 |
               +--------+--------+--------+--------+--------+-----+--------+

Top non-repeatable levels by time:
     D:6: 1559 daAuts
     D:3: 1323 daAuts
     D:4: 1215 daAuts
     D:5: 1209 daAuts
     D:9: 1200 daAuts
     D:7: 1162 daAuts
     D:8: 1160 daAuts
     D:2: 1116 daAuts
     D:1: 758 daAuts
